 Dungeon Crawl Stone Soup version 0.32-a0-607-g64ea0e4219 (webtiles) character file.

Game seed: 16404938715609767619

348 cforsyth the Grave Robber (level 6, -1/79 HPs)
             Began as a Mountain Dwarf Necromancer on Mar 3, 2024.
             Incinerated by a bombardier beetle (4 damage)
             ... with a burning spray
             ... on level 4 of the Dungeon.
             The game lasted 00:07:14 (4455 turns).

cforsyth the Grave Robber (MDNe)                    Turns: 4455, Time: 00:07:14

Health: -1/79      AC: 21    Str: 12    XL:     6   Next: 33%
Magic:  6/8        EV:  2    Int: 16    God:
Gold:   192        SH:  0    Dex: 10    Spells: 3/8 levels left

rFire   . . .        r - +0 war axe
rCold   + . .        (no shield)
rNeg    . . .        q - +8 plate armour of Daass {rC+}
rPois   .            c - +0 helmet
rElec   .            k - +0 cloak
rCorr   .            f - +0 pair of gloves
SInv    .            (no boots)
Will    .....        o - amulet of regeneration Stlth
                     L - ring of flight
HPRegen 1.13/turn    (no ring)
MPRegen 0.11/turn

%: no passive effects
@: berserking, on fire, flying, glowing, very quick
A: runic magic, artefact enchanting
a: no special abilities


You were on level 4 of the Dungeon.
You visited 1 branch of the dungeon, and saw 4 of its levels.
You also visited: Sewer.

You collected 192 gold pieces.


Innate Abilities, Weirdness & Mutations

Your spellcasting is much less encumbered by armour.
You can use scrolls of enchantment on lesser artefacts.


   Skills:
 + Level 4.7 Fighting
 + Level 1.3 Axes
 - Level 1.3 Dodging
 - Level 1.4 Stealth
 - Level 1.7 Spellcasting
 + Level 6.6 Necromancy


You had 3 spell levels left.
You knew the following spells:

 Your Spells              Type           Power      Damage    Failure   Level
a - Animate Dead          Necr           22%        N/A       50%         4
X - Necrotise             Necr           88%        1d8       6%          1

Your spell library contained the following spells:

 Spells                   Type           Power      Damage    Failure   Level
 Vampiric Draining        Necr           22%        2d7       17%         3
 Curse of Agony           Necr           22%        N/A       85%         5

Inventory:

Hand Weapons
 l - a +0 flail
 r - a +0 war axe (weapon)
Armour
 a - a +0 robe
 c - a +0 helmet (worn)
 f - a +0 pair of gloves (worn)
 k - a +0 cloak (worn)
 p - a +0 scale mail
 q - the +8 plate armour of Daass (worn) {rC+}
   (You found it on level 3 of the Dungeon)

   rC+:       It protects you from cold.
Jewellery
 o - an amulet of regeneration (around neck)
 L - a ring of flight (left hand)
Wands
 m - a wand of mindburst (16)
 u - a wand of paralysis (12)
Scrolls
 d - a scroll of blinking
 h - a scroll of identify {@r1}
 j - a scroll of amnesia {unknown}
 s - a scroll of teleportation {@r2}
 t - a scroll of enchant armour {unknown}
Potions
 b - a potion of magic
 e - a potion of haste {unknown}
 i - a potion of heal wounds {unknown}
 n - a potion of curing {@q1}

Dungeon Overview and Level Annotations

Branches:
Dungeon (4/15)              Sewer (visited)
 Temple: D:4-7

Altars:
Ru

. ### .. #.. ... #.#
.... #.# #.... #B# #
#.....#.###.##
#....).......# #########
#....###.#####.#.......#
#.. +...)@....#.#####.#
# ####{######.#...#.#
######......##.#.#.#.#
...................>.#
........###.##.#.#...#
#####...# #.##.#.....#
#...# #.......#..# #...#
####.#.....# #...#
#......##


There were no monsters in sight!


Message History

You barely miss something. The liquid fire burns you!
* * * LOW HITPOINT WARNING * * *
Something hits you but does no damage.
Unknown command.
It was a potion of berserk rage.
A red film seems to cover your vision as you go berserk!
You feel yourself moving faster!
You feel mighty! The liquid fire burns you!
* * * LOW HITPOINT WARNING * * *
Something hits you but does no damage.
Unknown command.
Unknown command.
You miss something. The liquid fire burns you!
* * * LOW HITPOINT WARNING * * *
Something hits you but does no damage.
Unknown command.
Unknown command.
You miss something. The liquid fire burns you!
* * * LOW HITPOINT WARNING * * *
Something hits you but does no damage.
Unknown command.
Unknown command.
Unknown command.
You are too berserk!
You miss something. The liquid fire burns you!
You die...

Skill      XL: |  1  2  3  4  5  6 |
---------------+-------------------+-----
Fighting       | 1 2 3 4 |  4.7
Necromancy     | 5 6 |  6.6
Axes           | 1 |  1.3
Dodging        | |  1.3
Stealth        | |  1.4
Spellcasting   | |  1.7

Action                     |  1- 3 |  4- 6 || total
---------------------------+-------+-------++-------
  Melee: Unarmed           |    24 |       ||    24
         Flail             |     9 |    17 ||    26
         War axe           |       |    57 ||    57
   Cast: Necrotise         |    87 |    92 ||   179
  Evoke: Wand              |       |     2 ||     2
    Use: Scroll            |     3 |     1 ||     4
         Potion            |       |     2 ||     2
 Armour: Robe              |    42 |    50 ||    92
         Plate armour      |       |    92 ||    92
  Dodge: Dodged            |    43 |    48 ||    91

Levels and vault maps discovered:
D:1:      roderic_crossed_star, layout_rooms
D:2:      layout_loops_corners
D:3:      layout_rooms, nicolae_ru_awakened_eye, gup_sewer_entry_glass,
          lexackson_kobold_supper
D:4:      layout_basic, temple_pool_b, due_unseen_surprise

Notes
Turn   | Place    | Note
-------+----------+-------------------------------------------
     0 | D:1      | cforsyth the Mountain Dwarf Necromancer began the quest for
                  | the Orb.
     0 | D:1      | Reached XP level 1. HP: 14/14 MP: 3/3
   199 | D:1      | Reached skill level 1 in Fighting
   249 | D:1      | Reached XP level 2. HP: 23/23 MP: 1/4
   731 | D:1      | Reached skill level 2 in Fighting
   731 | D:1      | Reached skill level 5 in Necromancy
   731 | D:1      | Reached XP level 3. HP: 29/29 MP: 1/5
  2144 | D:3      | Found a glowing drain.
  2192 | D:3      | Reached XP level 4. HP: 34/37 MP: 2/6
  2248 | Sewer    | Entered a sewer
  2439 | Sewer    | Reached skill level 3 in Fighting
  2956 | Sewer    | Noticed a bullfrog
  2958 | Sewer    | Noticed a bullfrog
  2967 | Sewer    | Killed a bullfrog
  2968 | Sewer    | Reached skill level 6 in Necromancy
  2968 | Sewer    | Reached XP level 5. HP: 27/46 MP: 2/7
  3542 | Sewer    | Reached skill level 4 in Fighting
  3667 | D:3      | Found a sacrificial altar of Ru.
  3754 | D:3      | Identified the +8 plate armour of Daass {rC+}
  3797 | D:3      | Learned a level 4 spell: Animate Dead
  3923 | D:3      | Reached XP level 6. HP: 53/53 MP: 8/8
  4436 | D:4      | Reached skill level 1 in Axes
  4453 | D:4      | HP: 6/79 [burnt (3)]
  4454 | D:4      | HP: 2/79 [burnt (5)]
  4455 | D:4      | Incinerated by a bombardier beetle

Vanquished Creatures
  2 bullfrogs (Sewer)
  A bombardier beetle (D:4)
  An orc wizard (D:4)
  3 adders
  A ribbon worm (D:4)
  5 dart slugs
  7 orcs
  11 endoplasms
  13 giant cockroaches
  3 hobgoblins
  2 jackals (D:1)
  4 quokkas
  17 ball pythons
  9 bats
  9 frilled lizards
  5 goblins
  8 kobolds
  5 rats
106 creatures vanquished.

Vanquished Creatures (collateral kills)
  2 ball pythons (Sewer)
  2 giant cockroaches
  A jackal (D:1)
  A bat (D:1)
  2 frilled lizards (Sewer)
8 creatures vanquished.

Grand Total: 114 creatures vanquished

Table legend: (Time is in decaauts)
 A = Elapsed time spent in this place.
 B = Non-inter-level travel time spent in this place.
 C = Inter-level travel time spent in this place.
 D = Time resting spent in this place.
 E = Time spent auto-exploring this place.
 F = Levels seen in this place.
 G = Mean time per level.
                   A        B        C        D        E       F      G
               +--------+--------+--------+--------+--------+-----+--------+
         Total |   4487 |   4443 |     44 |    879 |   2780 |   5 |  897.4 |
       Dungeon |   3079 |   3035 |     44 |    105 |   2395 |   4 |  769.8 |
         Sewer |   1408 |   1408 |      0 |    774 |    385 |   1 | 1408.0 |
               +--------+--------+--------+--------+--------+-----+--------+

Top non-repeatable levels by time:
   Sewer: 1408 daAuts
     D:2: 1161 daAuts
     D:1: 934 daAuts
     D:3: 710 daAuts
     D:4: 273 daAuts

Table legend:
 A = Non-vault XP
 B = Vault XP
 C = Vault XP percentage of total XP
 D = Non-vault monster count
 E = Vault monster count
 F = Vault count percentage of total count
                 A         B        C        D         E       F
            +---------+---------+-------+---------+---------+-------
      Total |     222 |     276 |  55.4 |      65 |      49 |  43.0
            +---------+---------+-------+---------+---------+-------
        D:1 |      49 |       0 |   0.0 |      29 |       0 |   0.0
        D:2 |      38 |       0 |   0.0 |      16 |       0 |   0.0
        D:3 |      26 |      31 |  54.4 |      12 |      12 |  50.0
        D:4 |     109 |       0 |   0.0 |       8 |       0 |   0.0
      Sewer |       0 |     245 | 100.0 |       0 |      37 | 100.0
            +---------+---------+-------+---------+---------+-------
